 Dungeon Crawl Stone Soup version 0.28.0-47-ge53b351184 (webtiles) character file.

Game seed: 8363360380227217956

104 JhonaSan2K the Magician (level 4, -5/45 HPs)
             Began as a Demonspawn Hedge Wizard on May 6, 2022.
             Killed by divine providence
             ... invoked by an orc priest
              (13 damage)
             ... on level 3 of the Dungeon.
             The game lasted 00:14:35 (3611 turns).

JhonaSan2K the Magician (Demonspawn Hedge Wizard)   Turns: 3611, Time: 00:14:36

Health: -5/45      AC: 22    Str:  8 (11) XL:     4   Next: 52%
Magic:  4/9        EV:  2    Int: 16 (17) God:
Gold:   49         SH:  0    Dex: 11 (12) Spells: 3/9 levels left

rFire   . . .      SeeInvis .   d - +1 short sword (speed)
rCold   . . .      Faith    .   (no shield)
rNeg    . . .      Spirit   .   (armour currently unavailable)
rPois   +          Reflect  .   (helmet currently unavailable)
rElec   .          Harm     .   (cloak currently unavailable)
rCorr   .          Rampage  .   (gloves currently unavailable)
Will    .....      NoTele   +   (boots currently unavailable)
Stlth   ++........              (no amulet)
HPRegen 0.15/turn               (no ring)
MPRegen 0.11/turn               (no ring)

@: mighty, tree-form, weak-willed
A: stationary, stasis, torment immunity, boosted hp, demonic guardian 2
a: no special abilities


You were on level 3 of the Dungeon.
You were a tree.
You visited 1 branch of the dungeon, and saw 3 of its levels.

You collected 49 gold pieces.

Inventory:

Hand Weapons
 a - a +0 dagger
 d - a +1 short sword of speed (weapon)
Missiles
 k - 35 stones
Armour
 b - a +0 robe (melded)
 c - a +0 hat
 r - a +0 helmet (melded)
Jewellery
 i - an amulet of magic regeneration
 o - a ring of ice
Wands
 m - a wand of polymorph (4)
 s - a wand of mindburst (4)
Scrolls
 e - a scroll of vulnerability
 g - 2 scrolls of enchant weapon
 j - 2 scrolls of magic mapping {unknown}
 l - 2 scrolls of teleportation {unknown}
 n - a scroll of noise {unknown}
 p - a scroll of identify {unknown}
 t - a scroll of fear {unknown}


   Skills:
 + Level 0.0 Fighting
 + Level 3.0 Dodging
 - Level 2.0 Stealth
 * Level 3.4 Spellcasting
 + Level 2.0 Conjurations
 + Level 1.9 Summonings
 + Level 1.1 Translocations


You had 3 spell levels left.
You knew the following spells:

 Your Spells              Type           Power      Damage    Failure   Level
a - Magic Dart            Conj           36%        1d4       8%          1
b - Blink                 Tloc           12%        N/A       17%         2
c - Slow                  Hex            8%         N/A       19%         1
d - Call Imp              Summ           9%         N/A       12%         2

Your spell library contained the following spells:

 Spells                   Type           Power      Damage    Failure   Level
 Conjure Flame            Conj/Fire      6%         6-21      34%         3
 Mephitic Cloud           Conj/Pois/Air  4%         N/A       38%         3


Dungeon Overview and Level Annotations

Branches:
Dungeon (3/15)

Altars:

Annotations:
D:3 Natasha


Innate Abilities, Weirdness & Mutations

You are a tree.
Your roots penetrate the ground, keeping you stationary.
You cannot be teleported.
You are immune to unholy pain and torment.
Your maximum health is greatly increased.
Your equipment is partially melded.
A demonic guardian rushes to your aid.


Message History

Okay, then.
It was a potion of might.
You feel very mighty all of a sudden.
Natasha mumbles some strange words.
Natasha shimmers violently.
The shadow imp grinds its teeth.
The shadow imp hits you but does no damage.
It was a potion of degeneration.
There was something very wrong with that liquid.
You feel weakened.
You feel dopey.
You feel clumsy. The shadow imp hits you.
* * * LOW HITPOINT WARNING * * *
A demonic guardian appears!
The shadow imp grins evilly.
It was a potion of lignification.
You turn into a tree.
Your +0 helmet melds into your body.
Your +0 robe melds into your body.
Your roots penetrate the ground.
The shadow imp hits you but does no damage.
The shadow imp hits you but does no damage.
Natasha mumbles some strange words.
The shadow imp hits you but does no damage.
The white imp gestures at you.
The puff of frost hits you but does no damage.
The orc priest looks encouraged for a moment.
The shadow imp hits you but does no damage.
The white imp hits you but does no damage.
The shadow imp disappears in a puff of smoke!
The white imp hits you but does no damage.
Casting: Blink (safe; 17% risk of failure)
Confirm with . or Enter, or press ? or * to list all spells.
You don't know that spell.
Natasha barely misses you.
The white imp hits you but does no damage.
The shadow imp grinds its teeth.
Natasha casts a spell at you.
The magic dart hits you but does no damage.
The white imp hits you but does no damage.
Natasha casts a spell.
The orc priest invokes the aid of Beogh against you.
Beogh smites you!
You die...

........##.#
........##.#
........##.#
..########.#
.. #.# #o#
#5# #h#####
#5♣4..# #
#####.# #..
.... #...
###.


You could see an orc priest (weak-willed), Natasha (weak-willed, ally target), a
white imp (summoned), a shadow imp (summoned) and a friendly rust devil
(summoned).

Vanquished Creatures
  An adder (D:3)
  2 dart slugs
  5 ball pythons
  2 endoplasms
  4 giant cockroaches
  5 goblins
  3 hobgoblins
  2 quokkas (D:1)
  7 bats
  2 frilled lizards
  6 kobolds
  4 rats
43 creatures vanquished.

Vanquished Creatures (collateral kills)
  Ijyb (D:3)
  An adder (D:3)
  A worm (D:2)
  An orc (D:3)
  An endoplasm (D:2)
  A kobold (D:2)
  A rat (D:3)
7 creatures vanquished.

Grand Total: 50 creatures vanquished

Notes
Turn   | Place    | Note
-------+----------+-------------------------------------------
     0 | D:1      | JhonaSan2K the Demonspawn Hedge Wizard began the quest for
                  | the Orb.
     0 | D:1      | Reached XP level 1. HP: 13/13 MP: 4/4
   207 | D:1      | Reached skill level 1 in Translocations
   365 | D:1      | Gained mutation: A weak demonic guardian rushes to your
                  | aid. [demonic ancestry]
   365 | D:1      | Reached XP level 2. HP: 19/19 MP: 4/6
   503 | D:1      | Found a faded altar of an unknown god.
  1415 | D:2      | Gained mutation: A demonic guardian rushes to your aid.
                  | [demonic ancestry]
  1415 | D:2      | Reached XP level 3. HP: 24/24 MP: 4/7
  1739 | D:2      | Learned a level 2 spell: Blink
  1741 | D:2      | Learned a level 1 spell: Slow
  1744 | D:2      | Learned a level 2 spell: Call Imp
  3019 | D:3      | Reached XP level 4. HP: 21/30 MP: 3/9
  3206 | D:3      | Noticed Ijyb
  3241 | D:3      | Killed Ijyb
  3579 | D:3      | Noticed Natasha
  3611 | D:3      | Killed from afar by an orc priest

Illustrated notes

Levels and vault maps discovered:
D:1:      minmay_arrival_diagonal_passages, layout_basic,
          chequers_ecumenical_altar_island
D:2:      layout_loops_corners
D:3:      layout_basic, grunt_decor_clamped, uniq_ijyb, uniq_natasha

Skill      XL: |  1  2  3  4 |
---------------+-------------+-----
Translocations | 1 |  1.1
Dodging        | 2 3 |  3.0
Stealth        | 2 |  2.0
Conjurations   | 2 |  2.0
Spellcasting   | |  3.4
Summonings     | |  1.9

Action                   |  1- 3 |  4- 6 || total
-------------------------+-------+-------++-------
Melee: Dagger            |     6 |       ||     6
       Short sword       |    64 |     3 ||    67
       Punch             |     1 |     1 ||     2
Throw: Stone             |     4 |    16 ||    20
 Cast: Magic Dart        |    91 |     4 ||    95
       Call Imp          |     4 |     8 ||    12
       Blink             |     1 |     1 ||     2
       Slow              |       |     2 ||     2
  Use: Potion            |       |     3 ||     3
       Scroll            |       |     2 ||     2
 Stab: Sleeping          |     1 |       ||     1
Armor: Robe              |    17 |    10 ||    27
       Skin              |       |    10 ||    10
Dodge: Dodged            |    47 |    20 ||    67
